 Dungeon Crawl Stone Soup version 0.28-a0-794-gafe8c5f9e9 (webtiles) character file.

Game seed: 1197345425222286508

31 vurker the Magician (level 3, -1/27 HPs)
             Began as a Djinni Air Elementalist on Nov 5, 2021.
             Slain by a ball python (3 damage)
             ... on level 2 of the Dungeon.
             The game lasted 00:01:33 (1317 turns).

vurker the Magician (Djinni Air Elementalist)       Turns: 1317, Time: 00:01:34

Health: -1/27      AC:  2    Str:  7    XL:     3   Next: 40%
Gold:   14         EV: 12    Int: 17    God:
                   SH:  0    Dex: 13

rFire   + + +      SeeInvis .   d - +0 dagger
rCold   x . .      Faith    .   (no shield)
rNeg    . . .      Spirit   .   a - +0 robe
rPois   ∞          Reflect  .   (no helmet)
rElec   .          Harm     .   (no cloak)
rCorr   .          Rampage  .   (no gloves)
Will    .....                   (boots unavailable)
Stlth   ++........              (no amulet)
HPRegen 0.09/turn               i - ring of protection from fire
MPRegen 0.00/turn               (no ring)

@: flying
A: sickness immunity, fire resistance 2, cold vulnerability 1, float, innate
caster, hp casting, extra vitality 1
a: no special abilities


You were on level 2 of the Dungeon.
You visited 1 branch of the dungeon, and saw 2 of its levels.

You collected 14 gold pieces.

Inventory:

Hand Weapons
 d - a +0 dagger (weapon)
   (You took it off a kobold on level 1 of the Dungeon)
Armour
 a - a +0 robe (worn)
Jewellery
 i - a ring of protection from fire (left hand)
   (You found it on level 2 of the Dungeon)
Scrolls
 c - a scroll of acquirement {unknown}
 e - a scroll of identify {unknown}
 f - a scroll of magic mapping {unknown}
 g - a scroll of immolation {unknown}
 h - a scroll of blinking {unknown}
Potions
 b - 2 potions of curing {unknown}


   Skills:
 + Level 1.3 Fighting
 - Level 2.1 Dodging
 - Level 1.5 Stealth
 * Level 3.1 Spellcasting


You couldn't memorise any spells.
You knew the following spells:

 Your Spells              Type           Power      Damage    Failure   Level
a - Shock                 Conj/Air       52%        1d6       4%          1
b - Static Discharge      Conj/Air       13%        N/A       8%          2
c - Airstrike             Air            6%         N/A       43%         4
d - Swiftness             Air            13%        N/A       14%         3
p - Apportation           Tloc           26%        N/A       4%          1
Your spell library was empty.

Dungeon Overview and Level Annotations

Branches:
Dungeon (2/15)

Altars:
Dithmenos

Annotations:
D:2 Crazy Yiuf


Innate Abilities, Weirdness & Mutations

You are immune to sickness and miasma.
You are immune to poison.
Your flesh is very heat resistant. (rF++)
You are vulnerable to cold. (rC-)
You float through the air rather than walking.
You learn spells naturally, not from books.
Your magical power is your life essence.
You have superior vitality. (+4 HP)


Message History

You reach down and open the door.
Aim: Crazy Yiuf, wielding a +4 quarterstaff of chaos and wearing a +0 cloak (72% to hit)
The zap hits Crazy Yiuf.
Crazy Yiuf closely misses you.
Aim: Crazy Yiuf, wielding a +4 quarterstaff of chaos and wearing a +0 cloak (moderately wounded, 72% to hit)
The zap hits Crazy Yiuf.
Crazy Yiuf barely misses you.
Aim: Crazy Yiuf, wielding a +4 quarterstaff of chaos and wearing a +0 cloak (moderately wounded, 72% to hit)
The zap hits Crazy Yiuf.
Crazy Yiuf hits you with a +4 quarterstaff of chaos!
You feel yourself speed up.
Aim: Crazy Yiuf, wielding a +4 quarterstaff of chaos and wearing a +0 cloak (moderately wounded, 72% to hit)
The zap hits Crazy Yiuf.
Crazy Yiuf whimpers, "Iron!"
Crazy Yiuf hits you with a +4 quarterstaff of chaos!
Ouch! That really hurt!
* * * LOW HITPOINT WARNING * * *
You don't have enough health to cast this spell.
You don't have enough health to cast this spell.
You see here a +0 mace.
Crazy Yiuf says, "Lay arm tortoise!"
A ball python comes into view.
Aim: a ball python (asleep, 100% to hit)
The zap hits the ball python.
You kill the ball python!
* * * LOW HITPOINT WARNING * * *
Your extra speed is starting to run out.
You feel yourself slow down.
Found a ring mail.
Found a short sword.
You see here a +0 short sword.
Crazy Yiuf is nearby!
An adder comes into view.
Found 26 stones.
Aim: an adder (asleep, 100% to hit)
The zap hits the adder.
The adder hisses angrily.
* * * LOW HITPOINT WARNING * * *
Aim: an adder (moderately wounded, 48% to hit)
The zap hits the adder.
* * * LOW HITPOINT WARNING * * *
The adder closely misses you.
Aim: an adder (severely wounded, 48% to hit)
The zap hits the adder.
You kill the adder!
* * * LOW HITPOINT WARNING * * *
A ball python comes into view.
You see here 26 stones.
The zap hits Crazy Yiuf. x2
* * * LOW HITPOINT WARNING * * *
The ball python bites you.
You die...

#.# ###.# #.#
#.# #.# #.#
#.# #.# #g#
#.# #.# #.#
#.# #.#
###########g#
#.#
......S@(...#
#.#
#############
#.# #.# #.#
#.# #.## #...
####


You could see Crazy Yiuf and a ball python.

Vanquished Creatures
  An adder (D:2)
  5 ball pythons
  2 bats (D:1)
  3 endoplasms (D:1)
  2 giant cockroaches (D:1)
  A hobgoblin (D:1)
  2 quokkas (D:1)
  A frilled lizard (D:1)
  2 kobolds (D:1)
  A rat (D:1)
20 creatures vanquished.

Notes
Turn   | Place    | Note
-------+----------+-------------------------------------------
     0 | D:1      | vurker the Djinni Air Elementalist began the quest for the
                  | Orb.
     0 | D:1      | Reached XP level 1. HP: 15/15 MP: 0/0
   252 | D:1      | Reached XP level 2. HP: 19/22 MP: 0/0
   497 | D:1      | Reached skill level 1 in Fighting
   848 | D:1      | Reached XP level 3. HP: 22/27 MP: 0/0
   848 | D:1      | Learned a level 1 spell: Apportation
   898 | D:1      | Reached skill level 3 in Spellcasting
  1110 | D:2      | Found a shadowy altar of Dithmenos.
  1229 | D:2      | Found a runed translucent door.
  1230 | D:2      | Noticed Crazy Yiuf
  1237 | D:2      | HP: 1/27 [Crazy Yiuf (14)]
  1317 | D:2      | Slain by a ball python

Illustrated notes

Levels and vault maps discovered:
D:1:      dpeg_arrival_round_c, layout_basic
D:2:      layout_basic, basic_altar, shapermc_ecumenical_altar_rom_forum,
          uniq_crazy_yiuf_cottage

Skill      XL: |  1  2  3 |
---------------+----------+-----
Fighting       | 1 |  1.3
Spellcasting   | 3 |  3.1
Dodging        | |  2.1
Stealth        | |  1.5

Action                   || total
-------------------------++-------
 Cast: Shock             ||    43
Armor: Robe              ||     1
Dodge: Dodged            ||     8

Table legend: (Time is in decaauts)
 A = Elapsed time spent in this place.
 B = Non-inter-level travel time spent in this place.
 C = Inter-level travel time spent in this place.
 D = Time resting spent in this place.
 E = Time spent auto-exploring this place.
 F = Levels seen in this place.
 G = Mean time per level.
                   A        B        C        D        E       F      G
               +--------+--------+--------+--------+--------+-----+--------+
         Total |   1302 |   1296 |      6 |      0 |   1140 |   2 |  651.0 |
       Dungeon |   1302 |   1296 |      6 |      0 |   1140 |   2 |  651.0 |
               +--------+--------+--------+--------+--------+-----+--------+

Top non-repeatable levels by time:
     D:1: 1019 daAuts
     D:2: 282 daAuts
